 Dungeon Crawl Stone Soup version 0.29-a0-414-g5075937ec3 (webtiles) character file.

Game seed: 13951072537325889782

69256 quinnr the Stormcaller (level 15, -1/96 HPs)
             Began as a Tengu Air Elementalist on May 15, 2022.
             Was a High Priest of Ashenzari.
             Slain by a boulder beetle (60 damage)
             ... on level 12 of the Dungeon.
             The game lasted 01:00:35 (26593 turns).

quinnr the Stormcaller (Tengu Air Elementalist)    Turns: 26593, Time: 01:00:37

Health: -1/96      AC:  3    Str: 15    XL:     15   Next: 29%
Magic:  5/32       EV: 24    Int: 21    God:    Ashenzari [*****.]
Gold:   787        SH:  5    Dex: 14    Spells: 1/38 levels left

rFire   + . .      SeeInvis +   z - staff of fire (curse) {Elem, Comp}
rCold   . . .      Faith    .   j - +0 buckler "Circumscribed With Me" {Range, Fort} (curse)
rNeg    . . .      Spirit   .   P - +0 robe "Soothsayer of Ashenzari" {Archmagi, Bglg, Evo} (curse)
rPois   +          Reflect  .   (helmet restricted)
rElec   .          Harm     .   (no cloak)
rCorr   +          Rampage  .   Z - +0 pair of gloves "Shattered With Me" {Elem, Alch} (curse)
Will    +....      Archmagi +   (boots unavailable)
Stlth   ++........ Clarity  +   K - amulet of the Unyielding Gaze {RegenMP, Self, Bglg} (curse)
HPRegen 0.26/turn               w - ring "Yoke of the Sky" {rCorr Str+4, Comp, Cun} (curse)
MPRegen 0.63/turn               c - ring of the Lashed Jealousy {rPois, Comp, Elem} (curse)

@: flying quickly and evasively, quick
A: beak, talons 3, nimble flight
a: Renounce Religion, Curse Item, Shatter the Chains


You were on level 12 of the Dungeon.
You worshipped Ashenzari.
Ashenzari was extremely pleased with you.
You visited 3 branches of the dungeon, and saw 20 of its levels.
You also visited: Gauntlet.

You collected 2197 gold pieces.
You spent 1410 gold pieces at shops.

Inventory:

Hand Weapons
 u - a +2 whip of venom
Missiles
 D - a throwing net
 U - 356 stones
Armour
 j - the cursed +0 buckler "Circumscribed With Me" (worn) {Range, Fort}
   (You found it on level 4 of the Dungeon)

   It has a curse which improves the following skills: Ranged Combat: Slings,
   Bows, Crossbows and Throwing.
   Fortitude: Armour and Shields.
 P - the cursed +0 robe "Soothsayer of Ashenzari" (worn) {Archmagi, Bglg, Evo}
   (You took it off Psyche on level 12 of the Dungeon)

   It has a curse which improves the following skills: Beguiling: Conjurations,
   Hexes and Translocations.
   Evocations: Evocations.
 Z - the cursed +0 pair of gloves "Shattered With Me" (worn) {Elem, Alch}
   (You found it on level 2 of the Lair of Beasts)

   It has a curse which improves the following skills: Elements: Fire Magic, Ice
   Magic, Air Magic and Earth Magic.
   Alchemy:   Poison Magic and Transmutations.
Magical Staves
 z - a cursed staff of fire (weapon) {Elem, Comp}
Jewellery
 c - the cursed ring of the Lashed Jealousy (right hand) {rPois, Comp, Elem}
   (You bought it in a shop on level 3 of the Dungeon)

   [ring of poison resistance]

   rPois:     It protects you from poison.
   It has a curse which improves the following skills: Companions: Summonings
   and Necromancy.
   Elements:  Fire Magic, Ice Magic, Air Magic and Earth Magic.
 e - a ring of willpower
 h - a ring of protection from cold
 l - a ring of protection from fire
 w - the cursed ring "Yoke of the Sky" (left hand) {rCorr Str+4, Comp, Cun}
   (You found it on level 5 of the Dungeon)

   [ring of resist corrosion]

   Str:       It affects your strength (+4).
   rCorr:     It protects you from acid and corrosion.
   It has a curse which improves the following skills: Companions: Summonings
   and Necromancy.
   Cunning:   Dodging and Stealth.
 K - the cursed amulet of the Unyielding Gaze (around neck) {RegenMP, Self, Bglg}
   (You bought it in a shop on level 3 of the Dungeon)

   [amulet of magic regeneration]

   It increases your rate of magic regeneration.
   It has a curse which improves the following skills: Introspection: Fighting
   and Spellcasting.
   Beguiling: Conjurations, Hexes and Translocations.
 Q - the amulet "Paaz" {Reflect Fly rCorr SH+5}
   (You found it in a Gauntlet)

   [amulet of reflection]

   It reflects blocked missile attacks.
   Fly:       It grants you flight.
   rCorr:     It protects you from acid and corrosion.
   SH:        It affects your SH (+5).
 R - the ring "Lomiov" {rN+ Str+2 Int+6 Dex+3}
   (You found it on level 6 of the Lair of Beasts)

   [ring of intelligence]

   Str:       It affects your strength (+2).
   Int:       It affects your intelligence (+6).
   Dex:       It affects your dexterity (+3).
   rN:        It protects you from negative energy.
 S - a ring of willpower
Wands
 a - a wand of digging (8)
 H - a wand of acid (19)
 I - a wand of charming (9)
 N - a wand of iceblast (12)
 T - a wand of paralysis (5)
 Y - a wand of polymorph (8)
Scrolls
 f - 5 scrolls of enchant armour
 m - 2 scrolls of fear
 p - 4 scrolls of magic mapping
 q - 8 scrolls of teleportation
 r - 4 scrolls of fog
 s - 4 scrolls of vulnerability
 A - a scroll of torment
 E - 6 scrolls of poison
 F - 3 scrolls of brand weapon
 J - 4 scrolls of enchant weapon
 M - a scroll of summoning
 X - 4 scrolls of immolation
Potions
 b - 2 potions of magic
 d - 5 potions of flight
 g - 5 potions of haste
 i - 5 potions of berserk rage
 k - 2 potions of lignification
 n - 9 potions of curing
 o - 3 potions of attraction
 t - 4 potions of brilliance
 x - 2 potions of ambrosia
 B - 3 potions of mutation
 C - 4 potions of invisibility
 G - 3 potions of heal wounds
 O - 3 potions of resistance
Miscellaneous
 V - a phial of floods
 W - a piece from Xom's chessboard (15/15)


   Skills:
 + Level 9.5(11.8) Fighting
 + Level 15.7(17.9) Dodging
 - Level 2.0(3.7) Stealth
 - Level 2.4(4.3) Shields
 - Level 9.6(12.0) Spellcasting
 - Level 4.8(8.1) Conjurations
 - Level 2.5(6.0) Summonings
 + Level 4.2(6.4) Transmutations
 + Level 19.9(24.1) Air Magic
 - Level 4.0(6.1) Poison Magic
 - Level 4.0(6.1) Evocations


You had one spell level left.
You knew the following spells:

 Your Spells              Type           Power      Damage    Failure   Level
a - Shock                 Conj/Air       100%       1d9       0%          1
b - Static Discharge      Conj/Air       88%        N/A       0%          2
c - Airstrike             Air            53%        N/A       0%          4
d - Mephitic Cloud        Conj/Pois/Air  78%        N/A       1%          3
e - Summon Lightning Spi  Summ/Air       85%        N/A       1%          4
f - Ignite Poison         Fire/Tmut/Pois 63%        N/A       3%          3
g - Lightning Bolt        Conj/Air       44%        1d63      1%          5
h - Maxwell's Capacitive  Air            53%        ∞         2%          8
i - Storm Form            Tmut/Air       43%        N/A       11%         7

Your spell library contained the following spells:

 Spells                   Type           Power      Damage    Failure   Level
 Foxfire                  Conj/Fire      100%       2x1d9     1%          1
 Slow                     Hex            84%        N/A       5%          1
 Swiftness                Air            100%       N/A       0%          3
 Corpse Rot               Necr/Air       100%       N/A       1%          2
 Wereblood                Tmut           56%        N/A       1%          2
 Silence                  Hex/Air        38%        N/A       1%          5
 Conjure Flame            Conj/Fire      63%        6-21      3%          3
 Dazzling Flash           Conj/Hex       92%        N/A       3%          3
 Scorch                   Fire           68%        2d8       8%          2
 Sublimation of Blood     Necr           22%        N/A       8%          2
 Flame Wave               Conj/Fire      63%        2d12      11%         4
 Hailstorm                Conj/Ice       46%        3d11      11%         4
 Sticky Flame             Conj/Fire      63%        2d8       11%         4
 Inner Flame              Hex/Fire       33%        N/A       16%         3
 Ice Form                 Ice/Tmut       41%        N/A       16%         4
 Gell's Gravitas          Tloc           21%        N/A       17%         3
 Lesser Beckoning         Tloc           21%        N/A       17%         3
 Teleport Other           Tloc           21%        N/A       17%         3
 Dispel Undead            Necr           22%        3d12      45%         4
 Anguish                  Hex/Necr       11%        N/A       47%         4
 Leda's Liquefaction      Hex/Erth       11%        N/A       47%         4
 Summon Cactus Giant      Summ           27%        N/A       65%         6
 Agony                    Necr           22%        N/A       82%         5
 Lee's Rapid Deconstruct  Erth           11%        3d9*      82%         5
 Statue Form              Tmut/Erth      27%        N/A       94%         6
 Summon Hydra             Summ           27%        N/A       99%         7
 Death Channel            Necr           11%        N/A       100%        6
 Dispersal                Tloc           10%        N/A       100%        6
 Simulacrum               Ice/Necr       11%        N/A       100%        6
 Necromutation            Tmut/Necr      20%        N/A       100%        8


Dungeon Overview and Level Annotations

Branches:
Dungeon (13/15)            Temple (1/1) D:7            Lair (6/6) D:10
  Swamp (0/4) Lair:2        Snake (0/4) Lair:4        Slime (0/5) Lair:5
    Orc (0/2) D:12        Gauntlet (visited)
 Vaults: D:13-14

Altars:
Ashenzari
Cheibriados
Dithmenos
Elyvilon
Fedhas
Gozag
Hepliaklqana
Makhleb
Okawaru
Qazlal
Ru
Sif Muna
Trog
Uskayaw
Vehumet
Wu Jian
Xom
Yredelemnul
Zin
The Shining One
Beogh
Jiyva

Shops:
D:3 =   D:8 !   D:10 :   D:11 !

Annotations:
D:2 Jessica
D:11 ArthosElwyn's ghost, journeyman DrIE
Lair:3 2 transporters


Innate Abilities, Weirdness & Mutations

You have a beak for a mouth.
You have claws for feet.
Your magical nature lets you fly swiftly and evasively.


Message History

Press: ? - help, Shift-Dir - straight line You feel a surge of power!
The ball explodes into a vile cloud!
The stinking cloud engulfs the boulder beetle but does no damage.
You hear an angry buzzing noise.
You hear a shout!
Your lightning spire disappears in a puff of smoke!
A deep elf pyromancer comes into view. It is wielding a +0 long sword.
The boulder beetle curls into a ball and begins rolling!
Unknown command.
The boulder beetle is engulfed in noxious fumes.
The boulder beetle appears confused.
The boulder beetle barely misses you.
The boulder beetle stops rolling and uncurls.
The boulder beetle seems less confused.
The boulder beetle curls into a ball and begins rolling!
There is a stone staircase leading up here.
The boulder beetle hits you!!
The boulder beetle stops rolling and uncurls.
You fly upwards.
There is a stone staircase leading down here.
Casting: Mephitic Cloud (safe; 1% risk of failure)
Confirm with . or Enter, or press ? or * to list all spells.
Aiming: Mephitic Cloud (safe; 1% risk of failure)
Press: ? - help, Shift-Dir - straight line, f - boulder beetle
Aim: a boulder beetle (chance to affect: 43%)
You feel a surge of power!
The ball explodes into a vile cloud!
The stinking cloud engulfs the boulder beetle but does no damage.
The stinking cloud engulfs you but does no damage.
The boulder beetle is engulfed in noxious fumes.
The boulder beetle bites you!
Unknown command.
The boulder beetle is engulfed in noxious fumes.
The boulder beetle curls into a ball and begins rolling!
Casting: Mephitic Cloud (safe; 1% risk of failure)
Confirm with . or Enter, or press ? or * to list all spells.
You feel a strong surge of power!
You ignite the poison in your surroundings!
The boulder beetle is engulfed in blazing flames. x2
The boulder beetle hits you!!!
Ouch! That really hurt!
You die...

#[..###...≈≈≈≈≈...≈≈≈≈≈..........
.#..###...≈≈≈≈≈...≈≈≈≈≈..........
.#..###...≈≈≈≈≈..................
..........≈≈≈≈≈..................
..........≈≈≈≈≈.......[..........
.................○○§..".≈≈≈≈≈....
(................○§☼....≈≈≈≈≈..##
...[[............B§§....≈≈≈≈≈..##
.#..............@.......≈≈≈≈≈..##
.#...#..................≈≈≈≈≈....
.##.#.....≈≈≈≈≈..................
####......≈≈≈≈≈..................
#...###...≈≈≈≈≈.........).....)..
#.#.###...≈≈≈≈≈...≈≈≈≈≈..........
.#..###...≈≈≈)≈...≈≈≈≈≈..........
#.................≈≈≈≈≈.........#
#.................≈≈≈≈≈.........#


You could see a boulder beetle (rolling).

Vanquished Creatures
  A minotaur (Gauntlet)
  7 hydras
  2 catoblepae (Lair:5)
  A centaur warrior (D:13)
  4 two-headed ogres
  A merfolk avatar (Lair:6)
  4 death yaks
  2 death scarabs (Gauntlet)
  A spectral death yak (Gauntlet)
  A harpy (Lair:6)
  An ugly thing (D:13)
  A deep elf pyromancer (D:12)
  2 cyclopes
  5 manticores
  3 elephants (Lair:6)
  14 cane toads
  5 black mambas
  A gargoyle (D:11)
  4 kobold demonologists
  A hellion (Gauntlet)
  An unseen horror (D:12)
  3 rime drakes
  6 komodo dragons
  2 meliai (D:13)
  4 slime creatures (D:12)
  3 hornets
  A polar bear (Lair:5)
  6 trolls
  6 blink frogs
  A snapping turtle (Lair:6)
  4 dream sheep (Lair:3)
  Sigmund (D:7)
  A wraith (D:11)
  6 wyverns
  2 water elementals (D:12)
  A shadow (D:10)
  2 basilisks
  37 yaks
  2 steam dragons
  Menkaure (D:4)
  Edmund (D:7)
  4 vampire mosquitoes
  4 nagas (Lair:4)
  3 acid dragons
  8 water moccasins
  A hell hound (Gauntlet)
  A swamp drake (D:12)
  8 orc warriors
  A sky beast (D:7)
  An ice beast (D:7)
  3 ogres
  7 wolves
  6 centaurs
  5 kobold brigands
  11 bullfrogs
  4 scorpions
  2 necrophages
  5 wights (D:7)
  10 killer bees
  3 jellies
  3 electric eels
  2 howler monkeys
  5 hounds
  9 orc priests
  2 gnoll shamans
  10 orc wizards
  2 iguanas
  8 gnolls
  2 adders
  2 shadow imps (D:7)
  A white imp (D:6)
  An ufetubus (D:5)
  A worm (D:4)
  2 dart slugs
  56 orcs
  4 endoplasms
  6 giant cockroaches (D:3)
  5 goblins
  4 hobgoblins
  3 quokkas
  3 ball pythons
  4 bats
  A frilled lizard (D:3)
  19 kobolds
  4 rats
398 creatures vanquished.

Vanquished Creatures (collateral kills)
  A hydra (Lair:6)
  A catoblepas (Lair:6)
  7 death yaks
  3 harpies (Lair:6)
  A deep elf pyromancer (D:12)
  8 elephants
  A torpor snail (Lair:3)
  A smoke demon (Gauntlet)
  4 cane toads
  4 black mambas
  5 komodo dragons (Lair:6)
  Psyche (D:12)
  A kobold demonologist (D:12)
  An efreet (D:13)
  A polar bear (Lair:6)
  A meliai (D:13)
  3 dream sheep (Lair:3)
  A spectral dream sheep (Gauntlet)
  17 yaks
  2 basilisks
  5 wyverns
  2 acid dragons
  A hell hound (Gauntlet)
  3 water moccasins
  4 wolves (Lair:2)
  A bullfrog (Lair:2)
  3 orcs (D:12)
83 creatures vanquished.

Vanquished Creatures (others)
  An orc (D:12)
  A bush (Lair:6)
  69 fungi
  89 plants
160 creatures vanquished.

Grand Total: 641 creatures vanquished

Notes
Turn   | Place    | Note
-------+----------+-------------------------------------------
     0 | D:1      | quinnr the Tengu Air Elementalist began the quest for the
                  | Orb.
     0 | D:1      | Reached XP level 1. HP: 10/10 MP: 4/4
   253 | D:1      | Reached XP level 2. HP: 15/15 MP: 4/6
   467 | D:1      | You fall into a shaft and drop 1 floor!
   538 | D:2      | Reached skill level 5 in Air Magic
   619 | D:2      | Noticed Jessica
   846 | D:3      | Reached XP level 3. HP: 19/19 MP: 4/7
  1040 | D:3      | Noticed a scorpion
  1052 | D:3      | Learned a level 2 spell: Static Discharge
  1173 | D:3      | Killed a scorpion
  1174 | D:3      | Reached skill level 6 in Air Magic
  1174 | D:3      | Reached XP level 4. HP: 24/24 MP: 1/8
  1315 | D:3      | Found Uzxeupsown's Jewellery Shop.
  1330 | D:3      | Reached skill level 7 in Air Magic
  1330 | D:3      | Gained mutation: Your magical nature lets you fly swiftly
                  | and evasively. [Tengu growth]
  1330 | D:3      | Reached XP level 5. HP: 25/28 MP: 5/9
  1529 | D:3      | Identified a scroll of acquirement
  1544 | D:3      | Acquired 853 gold pieces
  1608 | D:3      | Bought a ring of poison resistance for 200 gold pieces
  1968 | D:4      | Noticed Menkaure
  2141 | D:4      | Killed Menkaure
  2142 | D:4      | Reached skill level 9 in Air Magic
  2142 | D:4      | Reached XP level 6. HP: 24/32 MP: 2/10
  2771 | D:4      | Reached skill level 10 in Air Magic
  2944 | D:4      | Reached XP level 7. HP: 36/36 MP: 6/11
  3117 | D:4      | Found a shimmering blue altar of Sif Muna.
  3119 | D:4      | Found a blossoming altar of Fedhas.
  3301 | D:4      | Found a glowing golden altar of the Shining One.
  3447 | D:5      | Entered Level 5 of the Dungeon
  3658 | D:5      | Learned a level 4 spell: Airstrike
  3800 | D:5      | Reached skill level 11 in Air Magic
  3931 | D:5      | Identified the ring of Sooczuo {rCorr Str+4}
  4555 | D:6      | Reached skill level 12 in Air Magic
  4555 | D:6      | Reached XP level 8. HP: 37/41 MP: 5/12
  5998 | D:7      | Found an opulent altar of Gozag.
  6006 | D:7      | Reached skill level 13 in Air Magic
  6268 | D:7      | Found a staircase to the Ecumenical Temple.
  6275 | Temple   | Entered the Ecumenical Temple
  6364 | Temple   | Became a worshipper of Ashenzari the Shackled
  6432 | D:7      | Reached skill level 1 in Fighting
  7419 | D:7      | Noticed a wyvern
  7432 | D:7      | Killed a wyvern
  7433 | D:7      | Reached XP level 9. HP: 49/49 MP: 10/15
  7566 | D:7      | Noticed Sigmund
  7569 | D:7      | Killed Sigmund
  7640 | D:7      | Noticed Edmund
  7895 | D:7      | Killed Edmund
  8185 | D:7      | Reached skill level 5 in Dodging
  8438 | D:8      | Reached skill level 1 in Evocations
  8799 | D:8      | Noticed a troll
  8810 | D:8      | Killed a troll
  8811 | D:8      | Reached skill level 5 in Spellcasting
  9294 | D:8      | Noticed a hornet
  9466 | D:8      | Reached XP level 10. HP: 56/56 MP: 9/18
  9839 | D:8      | Found Viat Baa's Distillery.
  9854 | D:8      | Bought a potion of heal wounds for 50 gold pieces
 10389 | D:8      | Noticed a two-headed ogre
 10393 | D:8      | Killed a two-headed ogre
 10640 | D:3      | Bought an amulet of magic regeneration for 300 gold pieces
 10850 | D:9      | Reached skill level 14 in Air Magic
 11323 | D:9      | Noticed a kobold demonologist
 11329 | D:9      | Noticed a kobold demonologist
 11338 | D:9      | Killed a kobold demonologist
 11339 | D:9      | Noticed a rust devil
 11340 | D:9      | Killed a kobold demonologist
 11341 | D:9      | Reached skill level 5 in Fighting
 11526 | D:9      | Reached * piety under Ashenzari
 11618 | D:9      | Acquired Sif Muna's Handbook of the Oath and Poisoning
 12027 | D:9      | Learned a level 3 spell: Mephitic Cloud
 12144 | D:10     | Entered Level 10 of the Dungeon
 12431 | D:10     | Reached XP level 11. HP: 64/64 MP: 5/20
 12442 | D:10     | Reached skill level 1 in Poison Magic
 12918 | D:10     | Found Gakhajaw's Book Shoppe.
 12923 | D:10     | Bought a book of Lightning for 360 gold pieces
 12923 | D:10     | Bought a book of the Sky for 440 gold pieces
 12928 | D:10     | Learned a level 4 spell: Summon Lightning Spire
 13004 | D:10     | Found a staircase to the Lair.
 13018 | D:10     | Learned a level 3 spell: Ignite Poison
 13129 | D:10     | Noticed a two-headed ogre
 13130 | D:10     | Reached ** piety under Ashenzari
 13135 | D:10     | Killed a two-headed ogre
 13136 | D:10     | Reached skill level 1 in Summonings
 13524 | D:11     | Noticed a manticore
 13549 | D:11     | Killed a manticore
 13591 | D:11     | Found Jicwer's Distillery.
 13600 | D:11     | Bought a potion of heal wounds for 60 gold pieces
 13720 | D:11     | Reached skill level 10 in Dodging
 13960 | D:11     | Found a runed translucent gate.
 13960 | D:11     | Found a runed translucent gate.
 13962 | D:11     | Noticed ArthosElwyn's ghost (journeyman DrIE)
 13962 | D:11     | Noticed a 12-headed hydra
 13962 | D:11     | Noticed a two-headed ogre
 13962 | D:11     | Identified the +2 long sword "Wopanubi" {pain, rPois Str+2}
 13962 | D:11     | Noticed an 11-headed hydra
 14013 | D:11     | Killed a two-headed ogre
 14062 | D:11     | Found a runed translucent gate.
 14184 | D:11     | Noticed a manticore
 14189 | D:11     | Killed a manticore
 14464 | D:12     | HP: 4/68 [vampire mosquito (7)]
 14471 | D:11     | Reached skill level 1 in Transmutations
 14901 | D:12     | Reached *** piety under Ashenzari
 14951 | D:12     | Noticed Psyche
 14954 | D:12     | Killed Psyche
 15138 | D:11     | Reached skill level 15 in Air Magic
 15374 | D:11     | Learned a level 5 spell: Lightning Bolt
 15456 | Lair:1   | Entered Level 1 of the Lair of Beasts
 15459 | Lair:1   | Reached XP level 12. HP: 75/75 MP: 16/22
 15780 | Lair:1   | Found a gate leading to a gauntlet.
 15790 | Gauntlet | Entered a Gauntlet
 15790 | Gauntlet | Found a transporter.
 15860 | Gauntlet | Found a transporter.
 15875 | Gauntlet | Found a runed translucent gate.
 15875 | Gauntlet | Found a runed translucent gate.
 15875 | Gauntlet | Found a runed translucent gate.
 15876 | Gauntlet | Identified the amulet "Dium Ism" {Reflect rC+ rN++ Will+
                  | Slay-4 SH+5}
 15877 | Gauntlet | Found a transporter.
 15882 | Gauntlet | Found a transporter.
 15903 | Gauntlet | Found a transporter.
 15905 | Gauntlet | Identified the Reference Book on Congealing Companions
 15913 | Gauntlet | Noticed a death scarab
 15914 | Gauntlet | Noticed a death scarab
 15916 | Gauntlet | Found a transporter.
 15929 | Gauntlet | Found a transporter.
 15933 | Gauntlet | Noticed a dire elephant
 15956 | Gauntlet | Found a transporter.
 15956 | Gauntlet | Found a transporter.
 15962 | Gauntlet | Found a transporter.
 15985 | Gauntlet | Identified the amulet "Paaz" {Reflect Fly rCorr SH+5}
 15992 | Gauntlet | Found a transporter.
 15992 | Gauntlet | Found a transporter.
 16252 | Gauntlet | Killed a death scarab
 16253 | Gauntlet | Reached skill level 16 in Air Magic
 16253 | Gauntlet | Killed a death scarab
 16394 | Gauntlet | Identified the ring of the Falcon {MP-9 AC+4 Int+7}
 16394 | Gauntlet | Noticed a minotaur
 16402 | Gauntlet | Killed a minotaur
 16675 | Lair:1   | Reached **** piety under Ashenzari
 16691 | Lair:1   | Reached skill level 1 in Shields
 17517 | Lair:2   | Identified the +7 hand axe of Greed {drain, MP+9}
 17576 | Lair:2   | Reached skill level 17 in Air Magic
 17829 | Lair:2   | Noticed a death yak
 17830 | Lair:2   | Noticed a death yak
 17831 | Lair:2   | Noticed a death yak
 17841 | Lair:2   | Killed a death yak
 17842 | Lair:2   | Reached XP level 13. HP: 80/80 MP: 11/24
 18405 | Lair:2   | Found a staircase to the Swamp.
 18654 | Lair:3   | Reached skill level 18 in Air Magic
 18963 | Lair:3   | Identified the +11 whip of the Visions {vorpal, rN+ rCorr
                  | Str+6}
 19061 | Lair:3   | Found a transporter.
 19289 | Lair:3   | Found a transporter.
 19400 | Lair:3   | Reached ***** piety under Ashenzari
 19418 | Lair:3   | Found a runed translucent door.
 20850 | Lair:4   | Found a staircase to the Snake Pit.
 21053 | Lair:5   | Reached XP level 14. HP: 90/90 MP: 12/28
 21603 | Lair:5   | Found a staircase to the Slime Pits.
 21604 | Lair:5   | Found a viscous altar of Jiyva.
 22128 | Lair:6   | Entered Level 6 of the Lair of Beasts
 23120 | Lair:6   | Reached skill level 19 in Air Magic
 23183 | Lair:6   | Reached skill level 15 in Dodging
 23555 | Lair:6   | Identified Bull's Guide on the Ghastly Rocks
 23578 | Lair:6   | Learned a level 8 spell: Maxwell's Capacitive Coupling
 23586 | Lair:6   | Learned a level 7 spell: Storm Form
 23632 | Lair:6   | Identified the +3 trident of Ysuedghin {vamp, rElec}
 23633 | Lair:6   | Identified the ring "Lomiov" {rN+ Str+2 Int+6 Dex+3}
 24473 | D:11     | Reached XP level 15. HP: 59/95 MP: 27/32
 25964 | D:12     | Found a staircase to the Orcish Mines.
 26593 | D:12     | Slain by a boulder beetle

Illustrated notes

Levels and vault maps discovered:
D:1:      dpeg_arrival_rooms_c, layout_loops_ring,
          shapermc_ecumenical_altar_mp_vishouse
D:2:      minmay_alternating_diamond, layout_basic, basic_altar,
          chequers_serial_rivers_large_a, minmay_rat_gold_closets, uniq_robin,
          uniq_jessica
D:3:      layout_loops_ring, gup_sewer_entry_pipe, serial_shops,
          nicolae_diamond_shop
D:4:      layout_loops_ring, nicolae_overflow_hidden_temple, tso_altar,
          roderic_roman_lattice, moated_statue, uniq_menkaure
D:5:      layout_basic
D:6:      layout_basic
D:7:      layout_basic, nicolae_gozag_cash_rules_everything_around_me,
          minmay_temple_entry_purple_smoke, grunt_decor_junction,
          sigmund_edmund_badplayer
D:8:      minmay_bubble_buster, layout_cave_pods, serial_shops, shop_coins
D:9:      layout_loops_ring, serial_co_window_serial,
          co_window_of_opportunity_a, co_window_paths_a, co_window_corner_a,
          co_window_of_opportunity_a, co_window_of_opportunity_a,
          co_window_corner_a, co_window_corner_a, co_window_2corner,
          co_window_unsneaky_path_b, co_window_corner_b, co_window_4corner_b,
          co_window_paths_e, glass_columns_a, glass_columns_b, glass_columns_a,
          glass_columns_a
D:10:     layout_roguey, grunt_lair_entry_orc_guard_hut, serial_shops, shop
D:11:     layout_loops_ring, serial_shops, shop, gammafunk_ghost_hydra_chop
D:12:     layout_big_octagon, erik_orc_1, uniq_psyche
D:13:     layout_cave_pools, special_room [special_room_orc]
Temple:   compressed_dpeg_circular_temple
Lair:1:   layout_chaotic_city, gauntlet_entry_generic
Lair:2:   layout_chaotic_city, swamp_mist_pool, grunt_megastairs_3,
          lemuel_fruit_fields
Lair:3:   gammafunk_worm_tunnel, layout_chaotic_city, pf_torpor_hydra
Lair:4:   layout_layer_cave, minmay_snake_entry_guardpost_small
Lair:5:   layout_cave_pods, slime_altar_1, beast_lair_carwin_9,
          lemuel_fruit_fields
Lair:6:   gammafunk_lair_ancient_temple, layout_loops_ring

Skill      XL: |  1  2  3  4  5  6  7  8  9 10 11 12 13 14 15 |
---------------+----------------------------------------------+-----
Air Magic      | 5 6 7 9 10 12 13 14 15 17 18 19 | 19.9
Fighting       | 2 3 5 6 8 9 |  9.5
Dodging        | 3 6 9 10 13 14 15 | 15.7
Spellcasting   | 3 5 7 9 |  9.6
Evocations     | 3 4 |  4.0
Conjurations   | 2 3 4 |  4.8
Poison Magic   | 4 |  4.0
Summonings     | 2 |  2.5
Transmutations | 3 4 |  4.2
Shields        | 2 |  2.4
Stealth        | |  2.0

Action                   |  1- 3 |  4- 6 |  7- 9 | 10-12 | 13-15 || total
-------------------------+-------+-------+-------+-------+-------++-------
Melee: Unarmed           |       |     5 |       |       |       ||     5
       Peck              |       |     2 |     3 |     2 |     4 ||    11
       Kick              |       |     1 |     3 |     2 |     6 ||    12
       Punch             |       |     1 |       |       |       ||     1
       Staff             |       |       |     7 |     4 |    12 ||    23
 Cast: Shock             |    53 |    62 |   182 |   199 |   322 ||   818
       Static Discharge  |       |     8 |    14 |    65 |    26 ||   113
       Airstrike         |       |       |    42 |    92 |   136 ||   270
       Summon Lightning  |       |       |       |    28 |    79 ||   107
       Mephitic Cloud    |       |       |       |     9 |    16 ||    25
       Ignite Poison     |       |       |       |     5 |    13 ||    18
       Lightning Bolt    |       |       |       |     5 |    54 ||    59
Invok: Curse Item        |       |       |       |     6 |     1 ||     7
Evoke: Wand              |       |       |       |     1 |       ||     1
  Use: Scroll            |     1 |     5 |     1 |     2 |     2 ||    11
       Potion            |       |       |       |     6 |       ||     6
Armor: Robe              |       |     8 |     2 |     6 |     7 ||    23
Dodge: Dodged            |    10 |    23 |    39 |   118 |   135 ||   325
Block: Buckler           |       |       |       |     2 |    28 ||    30

Table legend: (Time is in decaauts)
 A = Elapsed time spent in this place.
 B = Non-inter-level travel time spent in this place.
 C = Inter-level travel time spent in this place.
 D = Time resting spent in this place.
 E = Time spent auto-exploring this place.
 F = Levels seen in this place.
 G = Mean time per level.
                   A        B        C        D        E       F      G
               +--------+--------+--------+--------+--------+-----+--------+
         Total |  25320 |  23880 |   1440 |   2880 |  17132 |  21 | 1205.7 |
       Dungeon |  17056 |  16142 |    914 |   2351 |  11332 |  13 | 1312.0 |
        Temple |     93 |     69 |     24 |      0 |     54 |   1 |   93.0 |
          Lair |   7492 |   6991 |    501 |    443 |   5281 |   6 | 1248.7 |
      Gauntlet |    678 |    678 |      0 |     84 |    463 |   1 |  678.0 |
               +--------+--------+--------+--------+--------+-----+--------+

Top non-repeatable levels by time:
    D:11: 2249 daAuts
     D:8: 2122 daAuts
     D:6: 1895 daAuts
  Lair:6: 1888 daAuts
     D:7: 1704 daAuts
     D:3: 1683 daAuts
    D:10: 1525 daAuts
  Lair:3: 1448 daAuts
     D:9: 1393 daAuts
    D:12: 1313 daAuts
  Lair:1: 1190 daAuts
  Lair:5: 1119 daAuts
  Lair:2: 1112 daAuts
     D:4: 1100 daAuts
     D:5: 1063 daAuts
